Nobbs, neutral male human Tourist ---------- --- -----....- .-....-...@.-- |........|##### .- | |..-....-. |........-..%| |.........### .... |..|.........q|Z.fo....|...| |.....<..| # |.-...|..........aqqihoonB---...| --+------- ### |...................i@d(........| # |.-|--..-+.........--@---|---)%.| ## #..................{.....|.% |...| # #|.| |.............|N...|%%%|...| ###|.----|.-..........[..@)|%%.|...| #-.............{...../...|!..|...| #)#|.---.-...-------..-.)))----|...-## |.-..... |(.(.-....oro....-....# |.| ...| |(((.|..NeoZ.F...|...|# |.| .| |(((.|...............| |..--------------.........-.....| #................................| .---.--.--.-------.-.-........... Nobbs the Sightseer Experience level: 4 Strength: 9 Dexterity: 13 Constitution: 16 Intelligence: 15 Wisdom: 7 Charisma: 18 Health: 0(33) Energy: 11(11) Def: 0 Gold: 643 Moves: 11251 Dungeon seed: eXv90rSefX1A2IPy Game ID: Nobbs_1510401681 Your Inventory: Coins $ - 643 gold pieces Wands q - a wand of light (0:14) Weapons r - a +0 scimitar s - a +0 short sword v - a +0 dagger y - 4 +1 darts (in quiver) E - 2 +0 orcish daggers F - 4 +0 darts I - 2 cursed +0 darts J - a +1 knife K - a cursed +0 orcish dagger L - a cursed -2 dagger M - a cursed poisoned -2 orcish arrow N - a cursed +0 dagger Armor e - an uncursed +0 Hawaiian shirt (being worn) n - an uncursed -2 shield of reflection (being worn) Comestibles p - an uncursed tin of newt meat C - an uncursed lichen corpse Scrolls k - 5 uncursed scrolls of magic mapping Potions j - 2 uncursed potions of extra healing t - an uncursed potion of blindness H - an uncursed potion of object detection Tools l - an expensive camera (0:87) m - an uncursed credit card w - an uncursed magic lamp (lit) Spells and supernatural/magical abilities: Name Level Category Fail Memory W - pray for help -- divine ? -- Your skills at the end: Fighting Skills Weapon Skills dart [Basic] Spellcasting Skills Final Attributes: You were piously aligned. You had reflection. You are dead. Vanquished creatures: a dog a dingo a housecat a blue jelly 2 gnome mummies a mountain nymph 4 Mordor orcs an Uruk-hai a rock piercer a pony 2 shriekers a violet fungus 3 gnome lords 2 gnomish wizards 2 kobold mummies a guardian naga hatchling an elf zombie 3 ghouls 2 straw golems a baby crocodile 9 giant ants 3 little dogs a kitten 8 dwarves 2 homunculi a kobold lord 16 hill orcs 3 rothes 2 rabid rats 2 giant bats a monkey 7 orc zombies 2 dwarf zombies 4 iguanas 18 killer bees 2 coyotes a gas spore 3 hobbits 15 manes 2 large kobolds 2 hobgoblins 2 giant rats a green mold 18 gnomes a gnome zombie 4 geckos 3 jackals 3 foxes 3 kobolds 3 goblins 13 sewer rats 3 grid bugs 2 bats 6 lichens a kobold zombie 6 newts 205 creatures vanquished. Voluntary challenges: You had followed a strict vegan diet until turn 3145. You had followed a strict vegetarian diet until turn 3145. You had been an atheist until turn 1932. You used a wielded weapon 18 times, starting on turn 471. You read items or engraved 457 times, starting on turn 77. You never genocided any monsters. You never polymorphed an object. You never changed form. You used no wishes. You never split a pudding. You wrote Elbereth's name 443 times, starting on turn 78. You never violated your personal moral code. Dungeon overview: The Dungeons of Doom: levels 1 to 4 Level 1 a long staircase Level 2 a weapon shop Level 3 Level 4 stairs to The Gnomish Mines The Gnomish Mines: levels 5 to 7 Level 5 stairs to The Dungeons of Doom Level 6 Level 7 <- You were here some shops, a temple to The Lady, some fountains History has recorded: On T:1 you entered the Dungeons of Doom to retrieve the Amulet of Yendor! On T:65 you reached level 2 of The Dungeons of Doom. On T:452 you advanced to experience level 2. On T:498 you reached level 3 of The Dungeons of Doom. On T:830 you reached level 4 of The Dungeons of Doom. On T:1018 you reached level 1 of The Gnomish Mines. On T:1030 you advanced to experience level 3. On T:1292 you advanced to experience level 4. On T:1463 you reached level 2 of The Gnomish Mines. On T:1764 you reached level 3 of The Gnomish Mines. Score breakdown: Gold: 368 ( 8732 points) Experience: 4 levels ( 9649 points) Exploration: 7 levels ( 14.00%) (10497 points) Discoveries: 6 items ( 2.01%) ( 4256 points) Valuables value: (no points given unless you survive) Artifact value: 0 ( 0 points) Variety of kills: 56 monsters ( 14.70%) (11501 points) Turncount: 11251 turns (-2552 points) Survival: died (score multiplied by 80%) Total score: 33666 Latest messages: You hit the wererat. The manes hits! (2x) The manes bites! You miss the wererat. You hit the wererat. (2x) The wererat hits! The hill orc wields a curved sword! You hit the wererat. The manes hits! (2x) The manes bites! The wererat hits! The hill orc swings her curved sword. The hill orc hits! The dart hits the wererat. There is an open door here. Something is written here in the dust. You read: "? ?c cthEl|??c hElb r th_ b? c??E|????tnE ?? t??lb??ctn". You see here an arrow. The manes hits! (2x) The manes bites! You die... Final status: Aloha Nobbs the Tourist, killed by a manes... You died in The Gnomish Mines on dungeon level 7 with 33666 points, and 643 pieces of gold, after 11251 moves. You were level 4 with a maximum of 33 hit points when you died.